 Dungeon Crawl Stone Soup version 0.30-a0-371-gad7725a93e (webtiles) character file.

Game seed: 6044684362302166205

117 snetch the Magician (level 5, -2/35 HPs)
             Began as a Djinni Fire Elementalist on Nov 21, 2022.
             Was a Follower of Zin.
             Slain by a river rat (6 damage)
             ... in a sewer.
             The game lasted 00:06:45 (1777 turns).

snetch the Magician (Djinni Fire Elementalist)      Turns: 1777, Time: 00:06:46

Health: -2/35      AC:  3    Str:  7    XL:     5   Next: 22%
Gold:   70         EV: 11    Int: 18    God:    Zin [*.....] SH:  3 Dex: 14

rFire   + + +      SeeInvis .    b - +0 dagger
rCold   x . .      Faith    .    f - +0 buckler
rNeg    . . .      Spirit   .    d - +0 leather armour
rPois   ∞          Reflect  .    (no helmet)
rElec   .          Harm     .    (no cloak)
rCorr   .          Rampage  .    (no gloves)
Will    .....                    (boots unavailable)
Stlth   ++........               (no amulet)
HPRegen 0.25/turn                i - ring of protection from fire
MPRegen 0.00/turn                (no ring)

@: flying, very slightly contaminated
A: sickness immunity, fire resistance 2, cold vulnerability 1, float, innate
caster, HP casting, extra vitality 1
a: Renounce Religion, Recite, Donate Gold


You were in a sewer.
You worshipped Zin.
Zin was aware of your devotion.
You visited 1 branch of the dungeon, and saw 4 of its levels.
You also visited: Sewer.

You collected 77 gold pieces.
You donated 7 gold pieces to Zin.

Inventory:

Hand Weapons
 b - a +0 dagger (weapon)
 j - a +0 quarterstaff
Missiles
 a - 12 stones
Armour
 d - a +0 leather armour (worn)
 f - a +0 buckler (worn)
Jewellery
 i - a ring of protection from fire (left hand)
Scrolls
 c - a scroll of summoning {unknown}
 g - a scroll of silence {unknown}
 h - a scroll of enchant armour {unknown}
 l - a scroll of identify {unknown}
 m - 4 scrolls of poison {unknown}
 n - a scroll of fear {unknown}
 o - a scroll of butterflies {unknown}
Potions
 e - a potion of berserk rage {unknown}
 k - 2 potions of curing {unknown}
 p - a potion of mutation {unknown}
 q - a potion of flight {unknown}


   Skills:
 + Level 0.1 Fighting
 + Level 1.3 Armour
 + Level 2.6 Dodging
 + Level 2.0 Stealth
 + Level 3.7 Spellcasting


You couldn't memorise any spells.
You knew the following spells:

 Your Spells              Type           Power      Damage    Failure   Level
a - Foxfire               Conj/Fire      64%        2x1d7     7%          1
b - Scorch                Fire           32%        2d7       10%         2
c - Kindle Blastsparks    Fire/Tloc/Air  32%        2d12      21%         3
d - Inner Flame           Hex/Fire       16%        N/A       21%         3
e - Flame Wave            Conj/Fire      16%        2d7       54%         4
f - Freeze                Ice            64%        1d7       7%          1
g - Call Imp              Summ           16%        N/A       10%         2
Your spell library was empty.

Dungeon Overview and Level Annotations

Branches:
Dungeon (4/15)              Sewer (1/1)
 Temple: D:4-7

Altars:
Zin

Shops:
D:3 [


Innate Abilities, Weirdness & Mutations

You are immune to sickness and miasma.
You are immune to poison.
Your flesh is very heat resistant. (rF++)
You are vulnerable to cold. (rC-)
You float through the air rather than walking.
You learn spells naturally, not from books.
Your magical power is your life essence.
You have superior vitality. (+4 MHP)


Message History

Flames lash the river rat.
The river rat is lightly wounded.
The river rat's fire resistance burns away.
The rat closely misses you.
Casting: Scorch (safe; 11% risk of failure)
Confirm with . or Enter, or press ? or * to list all spells.
Flames lash the rat.
You kill the rat!
The river rat bites you.
A rat comes into view.
Your magical contamination has completely faded away.
Casting: Scorch (safe; 11% risk of failure)
Confirm with . or Enter, or press ? or * to list all spells.
Flames lash the rat.
You kill the rat!
* * * LOW HITPOINT WARNING * * *
The river rat bites you but does no damage.
A rat comes into view.
Casting: Scorch (safe; 10% risk of failure)
Confirm with . or Enter, or press ? or * to list all spells.
Flames lash the rat.
You kill the rat!
* * * LOW HITPOINT WARNING * * *
The river rat is no longer more vulnerable to fire.
The river rat barely misses you.
Casting: Scorch (safe; 10% risk of failure)
Confirm with . or Enter, or press ? or * to list all spells.
You miscast Scorch.
You are very lightly contaminated with residual magic.
Nothing appears to happen.
* * * LOW HITPOINT WARNING * * *
The river rat barely misses you.
Casting: Scorch (safe; 10% risk of failure)
Confirm with . or Enter, or press ? or * to list all spells.
Flames lash the river rat.
The river rat is heavily wounded.
The river rat's fire resistance burns away.
* * * LOW HITPOINT WARNING * * *
The river rat bites you.
You die...

### ##†.
#############†##########
.~~..~~~...~††.r~.!~≈#≈≈
~~~~.†~~..~...~†@~!~≈#≈≈
#~######################
#~# #~# #~# #~# #~# #~#
#~#


You could see a river rat (combustible).

Vanquished Creatures
  Terence (D:3)
  3 adders
  A worm (D:2)
  2 dart slugs (D:1)
  4 ball pythons
  5 endoplasms
  4 giant cockroaches
  8 hobgoblins
  4 quokkas
  A bat (D:2)
  7 frilled lizards
  3 goblins
  A kobold (D:1)
  18 rats
62 creatures vanquished.

Vanquished Creatures (others)
  78 foxfires
78 creatures vanquished.

Grand Total: 140 creatures vanquished

Notes
Turn   | Place    | Note
-------+----------+-------------------------------------------
     0 | D:1      | snetch the Djinni Fire Elementalist began the quest for the
                  | Orb.
     0 | D:1      | snetch set off with the following spells memorised:
                  | Foxfire, Scorch, Kindle Blastsparks, Inner Flame, Flame
                  | Wave.
     0 | D:1      | Reached XP level 1. HP: 15/15 MP: 0/0
    66 | D:2      | Reached XP level 2. HP: 18/21 MP: 0/0
    97 | D:3      | Found Faho's Armour Emporium.
   152 | D:1      | Found a faded altar of an unknown god.
   189 | D:1      | Prayed at the altar of an unknown god.
   189 | D:1      | Became a worshipper of Zin the Law-Giver
   189 | D:1      | Reached * piety under Zin
   492 | D:1      | Reached XP level 3. HP: 23/25 MP: 0/0
   492 | D:1      | Learned a level 1 spell: Freeze
   524 | D:1      | Reached skill level 3 in Spellcasting
  1210 | D:2      | Reached XP level 4. HP: 30/31 MP: 0/0
  1299 | D:2      | Reached skill level 1 in Armour
  1495 | D:3      | Noticed Terence
  1503 | D:3      | Killed Terence
  1512 | D:4      | Found a glowing drain.
  1525 | Sewer    | Entered a sewer
  1618 | Sewer    | Reached XP level 5. HP: 23/35 MP: 0/0
  1618 | Sewer    | Learned a level 2 spell: Call Imp
  1777 | Sewer    | Slain by a river rat

Illustrated notes

Levels and vault maps discovered:
D:1:      saegor_arrival_simple_d, layout_basic, ebering_ecumenical_altar_mist,
          nrook_mini_backslash
D:2:      layout_rooms
D:3:      layout_basic, serial_shops, nicolae_shop_hallway_stairs, hex_medium,
          kennysheep_nondescript, minmay_surrounded, uniq_terence,
          uniq_crazy_yiuf_cottage, uniq_ijyb
D:4:      layout_cave_pools, mainiacjoe_overflow_small_starburst,
          gammafunk_temple_overflow_wave, portal_sewer_entry_f, minivault_14
Sewer:    sewer_co_cracked_pipes

Skill      XL: |  1  2  3  4 |
---------------+-------------+-----
Spellcasting   | 3 |  3.7
Stealth        | 2 |  2.0
Armour         | 1 |  1.3
Fighting       | |  0.1
Dodging        | |  2.6

Action                   |  1- 3 |  4- 6 || total
-------------------------+-------+-------++-------
Melee: Unarmed           |     1 |       ||     1
       Dagger            |     9 |       ||     9
 Cast: Foxfire           |    35 |     9 ||    44
       Scorch            |    13 |    27 ||    40
       Freeze            |     1 |       ||     1
Invok: Recite            |     1 |       ||     1
Armor: Leather armour    |       |     3 ||     3
Dodge: Dodged            |     8 |    11 ||    19
Block: Buckler           |       |     3 ||     3

Table legend: (Time is in decaauts)
 A = Elapsed time spent in this place.
 B = Non-inter-level travel time spent in this place.
 C = Inter-level travel time spent in this place.
 D = Time resting spent in this place.
 E = Time spent auto-exploring this place.
 F = Levels seen in this place.
 G = Mean time per level.
                   A        B        C        D        E       F      G
               +--------+--------+--------+--------+--------+-----+--------+
         Total |   1778 |   1723 |     55 |      0 |   1203 |   5 |  355.6 |
       Dungeon |   1526 |   1471 |     55 |      0 |   1051 |   4 |  381.5 |
         Sewer |    251 |    251 |      0 |      0 |    152 |   1 |  251.0 |
               +--------+--------+--------+--------+--------+-----+--------+

Top non-repeatable levels by time:
     D:1: 1001 daAuts
     D:2: 475 daAuts
   Sewer: 251 daAuts
     D:3: 37 daAuts
     D:4: 12 daAuts
